 Dungeon Crawl Stone Soup version 0.29-a0-371-g91724d5b39 (webtiles) character file.

Game seed: 16234139701876871812

135 jlumianski the Skirmisher (level 4, -2/37 HPs)
             Began as a Demonspawn Fighter on May 2, 2022.
             Slain by Terence
             ... wielding a +2 mace of protection
              (9 damage)
             ... on level 3 of the Dungeon.
             The game lasted 00:09:23 (2820 turns).

jlumianski the Skirmisher (Demonspawn Fighter)      Turns: 2820, Time: 00:09:23

Health: -2/37      AC:  8    Str: 18    XL:     4   Next: 96%
Magic:  4/4        EV: 10    Int: 16    God:
Gold:   165        SH:  5    Dex: 18    Spells: 3/3 levels left

rFire   . . .      SeeInvis .   a - +1 war axe
rCold   . . .      Faith    .   c - +0 buckler
rNeg    . . .      Spirit   .   u - +2 ring mail {rPois}
rPois   +          Reflect  .   k - +0 helmet
rElec   .          Harm     .   (no cloak)
rCorr   .          Rampage  .   (no gloves)
Will    .....                   (no boots)
Stlth   +.........              e - amulet of the acrobat
HPRegen 0.12/turn               g - +6 ring of dexterity
MPRegen 0.18/turn               p - +6 ring of intelligence

@: mighty
A: powered by pain 1, magic regeneration
a: no special abilities


You were on level 3 of the Dungeon.
You visited 1 branch of the dungeon, and saw 4 of its levels.

You collected 165 gold pieces.

Inventory:

Hand Weapons
 a - a +1 war axe (weapon)
 h - a +1 vampiric whip
Missiles
 i - 4 boomerangs of dispersal
 j - 76 stones
 m - 5 poisoned darts (quivered)
Armour
 b - a +0 scale mail
 c - a +0 buckler (worn)
 k - a +0 helmet (worn)
 n - a +1 hat
 u - a +2 ring mail of poison resistance (worn)
Jewellery
 e - an amulet of the acrobat (around neck)
 g - a +6 ring of dexterity (left hand)
 p - a +6 ring of intelligence (right hand)
Wands
 q - a wand of mindburst (13)
Scrolls
 o - a scroll of immolation
 s - a scroll of identify
 t - a scroll of amnesia
Potions
 l - a potion of mutation
 r - a potion of degeneration


   Skills:
 + Level 3.6 Fighting
 + Level 3.2 Axes
 + Level 3.2 Armour
 + Level 0.2 Dodging
 + Level 0.1 Stealth
 + Level 3.2 Shields


You had 3 spell levels left.
You didn't know any spells.
Your spell library contained the following spells:

 Spells                   Type           Power      Damage    Failure   Level
 Slow                     Hex            0%         N/A       50%         1
 Blink                    Tloc           0%         N/A       65%         2
 Confusing Touch          Hex            0%         N/A       86%         3
 Lesser Beckoning         Tloc           0%         N/A       86%         3
 Vampiric Draining        Necr           0%         2d6       86%         3
 Manifold Assault         Tloc           0%         N/A       100%        5
 Storm Form               Tmut/Air       0%         N/A       100%        7


Dungeon Overview and Level Annotations

Branches:
Dungeon (4/15)
 Temple: D:4-7

Altars:
Nemelex Xobeh
Sif Muna

Annotations:
D:3 Grinder, Terence


Innate Abilities, Weirdness & Mutations

You sometimes gain a little power by taking damage.
You regenerate magic rapidly.


Message History

You hit Grinder but do no damage.
Grinder is lightly wounded.
You completely miss Terence. Grinder hits you but does no damage.
Terence barely misses you.
Okay, then.
Unknown command.
You feel very mighty all of a sudden. Grinder hits you.
You writhe in agony.
Terence hits you with a +2 mace of protection.
* * * LOW HITPOINT WARNING * * *
Grinder attacks as you move away! Grinder barely misses you.
Terence closely misses you.
You hit Grinder.
Grinder is lightly wounded.
Grinder gestures at you. Pain shoots through your body!
* * * LOW HITPOINT WARNING * * *
You hit Grinder.
Grinder is moderately wounded.
Grinder completely misses you. Grinder barely misses you.
Terence shouts, "Now you die!"
You slash Grinder!
Grinder is heavily wounded.
Grinder hits you.
* * * LOW HITPOINT WARNING * * *
You feel better. Grinder gestures at you.
You suddenly lose the ability to move!
Grinder blinks!
Terence hits you but does no damage.
Terence hits you with a +2 mace of protection.
* * * LOW HITPOINT WARNING * * *
You can move again.
You completely miss Terence.
Terence is severely wounded.
Terence hits you with a +2 mace of protection.
* * * LOW HITPOINT WARNING * * *
Terence attacks as you move away!
Terence hits you with a +2 mace of protection!
You die...

.....# .......#
#...##.# ##.###
.#.#....# #.###... ##.#
#.#.#....## ####.#...#.
...# #.......
..#.....### .#.# #
#!#..# #..#.#.#.#. .#.#
#.##.#..#####.##......#
...#
#.......##.......#..###
.###
##$##.##.##.##.#..###
.#
#..@@....##..#.#.....
.#
#..##.......#...#####
.# ......###.######.##
## ###5.... #.# #.#
##.#..##.# #.# #.
.....# #.. #. .....#
##. #. .....# .# ... .#


You could see Grinder and Terence.

Vanquished Creatures
  A hound (D:3)
  Robin (D:2)
  An adder (D:3)
  3 dart slugs
  An orc (D:3)
  10 bats
  6 endoplasms
  4 giant cockroaches
  16 goblins
  4 hobgoblins
  4 jackals (D:1)
  3 quokkas
  4 ball pythons
  4 frilled lizards (D:2)
  2 kobolds
  3 rats
67 creatures vanquished.

Notes
Turn   | Place    | Note
-------+----------+-------------------------------------------
     0 | D:1      | jlumianski the Demonspawn Fighter began the quest for the
                  | Orb.
     0 | D:1      | Reached XP level 1. HP: 18/18 MP: 1/1
   278 | D:1      | Gained mutation: You regenerate magic rapidly. [demonic
                  | ancestry]
   278 | D:1      | Reached XP level 2. HP: 24/24 MP: 2/2
   732 | D:1      | Gained mutation: You sometimes gain a little power by
                  | taking damage. [demonic ancestry]
   732 | D:1      | Reached XP level 3. HP: 29/29 MP: 3/3
  1747 | D:2      | Noticed Robin
  1769 | D:2      | Reached XP level 4. HP: 17/36 MP: 4/4
  1928 | D:2      | Killed Robin
  2336 | D:3      | Found a sparkling altar of Nemelex Xobeh.
  2581 | D:3      | Found a shimmering blue altar of Sif Muna.
  2798 | D:3      | Noticed Terence
  2803 | D:3      | Noticed Grinder
  2815 | D:3      | Paralysed by Grinder for 4 turns
  2820 | D:3      | Slain by Terence

Illustrated notes

Levels and vault maps discovered:
D:1:      heliophobic_arrival_battle_scene, layout_loops_corners,
          minmay_indecisive_spiral
D:2:      layout_loops_cross, uniq_robin
D:3:      layout_loops_cross, nemelex_diamond_rough_becter, led_sif_book,
          uniq_grinder, uniq_terence
D:4:      layout_basic, chequers_serial_rivers_micro_c

Skill      XL: |  1  2  3  4 |
---------------+-------------+-----
Shields        | 3 |  3.2
Axes           | 2 3 |  3.2
Armour         | 3 |  3.2
Fighting       | |  3.6
Dodging        | |  0.2
Stealth        | |  0.1

Action                   |  1- 3 |  4- 6 || total
-------------------------+-------+-------++-------
Melee: War axe           |   114 |    66 ||   180
Throw: Dart              |     3 |       ||     3
  Use: Scroll            |     4 |     3 ||     7
       Potion            |       |     2 ||     2
Armor: Scale mail        |    70 |    34 ||   104
       Ring mail         |       |     6 ||     6
Dodge: Dodged            |    68 |    31 ||    99
Block: Buckler           |    30 |    23 ||    53

Table legend: (Time is in decaauts)
 A = Elapsed time spent in this place.
 B = Non-inter-level travel time spent in this place.
 C = Inter-level travel time spent in this place.
 D = Time resting spent in this place.
 E = Time spent auto-exploring this place.
 F = Levels seen in this place.
 G = Mean time per level.
                   A        B        C        D        E       F      G
               +--------+--------+--------+--------+--------+-----+--------+
         Total |   2900 |   2859 |     41 |    138 |   1823 |   4 |  725.0 |
       Dungeon |   2900 |   2859 |     41 |    138 |   1823 |   4 |  725.0 |
               +--------+--------+--------+--------+--------+-----+--------+

Top non-repeatable levels by time:
     D:1: 1233 daAuts
     D:2: 932 daAuts
     D:3: 667 daAuts
     D:4: 67 daAuts
